 Dungeon Crawl Stone Soup version 0.21.1-1-g345015f (webtiles) character file.

291 Fang the Skirmisher (level 6, -7/60 HPs)
             Began as a Gargoyle Berserker on May 1, 2018.
             Was a Believer of Trog.
             Mangled by a gnoll
             ... wielding a cursed +0 halberd
              (11 damage)
             ... on level 3 of the Dungeon.
             The game lasted 00:07:11 (3066 turns).

Fang the Skirmisher (Gargoyle Berserker)            Turns: 3066, Time: 00:07:12

Health: -7/60      AC:  6    Str: 27    XL:     6   Next: 32%
Magic:  6/6        EV: 12    Int:  8    God:    Trog [**....]
Gold:   110        SH:  0    Dex:  9    Spells: 5/5 levels left

rFire    . . .     SeeInvis .   a - +0 hand axe
rCold    . . .     Gourm    .   (no shield)
rNeg     + . .     Faith    .   b - +0 animal skin
rPois    ∞         Spirit   .   (no helmet)
rElec    +         Reflect  .   (no cloak)
rCorr    .         Harm     .   (no gloves)
MR       .....                  (no boots)
Stlth    ..........             (no amulet)
HPRegen  0.20/turn              e - ring of poison resistance
MPRegen  0.10/turn              (no ring)

@: berserking, very quick
A: negative energy resistance 1, electricity resistance, unbreathing,
petrification resistance, rot immunity, AC +4
a: Berserk, Trog's Hand, Burn Spellbooks, Renounce Religion


You were on level 3 of the Dungeon.
You worshipped Trog.
Trog was pleased with you.
You were near starving.

You visited 1 branch of the dungeon, and saw 4 of its levels.

You collected 110 gold pieces.

Inventory:

Hand Weapons
 a - a +0 hand axe (weapon)
Armour
 b - a +0 animal skin (worn)
Jewellery
 e - a ring of poison resistance (left hand)
Scrolls
 d - 6 scrolls of identify {unknown}
 f - 2 scrolls of enchant weapon {unknown}
 g - 3 scrolls of magic mapping {unknown}
 k - 3 scrolls of teleportation {unknown}
 m - 4 scrolls of remove curse {unknown}
 p - a scroll of fog {unknown}
 r - a scroll of random uselessness {unknown}
 s - a scroll of amnesia {unknown}
Potions
 h - a potion of ambrosia {unknown}
 i - a potion of heal wounds {unknown}
 j - a potion of magic {unknown}
 l - a potion of brilliance {unknown}
 n - a potion of mutation {unknown}
 o - 2 potions of haste {unknown}
Comestibles
 c - 8 rations


   Skills:
 + Level 4.8 Fighting
 + Level 4.6 Axes
 + Level 2.2 Armour
 + Level 2.9 Dodging
 + Level 0.4 Stealth


You had 5 spell levels left.
You didn't know any spells.

Dungeon Overview and Level Annotations

Branches:
Dungeon (4/15)
 Temple: D:4-7

Altars:
Kikubaaqudgha
Nemelex Xobeh
Uskayaw

Annotations:
D:4 MetaCosm's ghost, novice FoFi


Innate Abilities, Weirdness & Mutations

You are resistant to torment.
Your stone body is resilient. (AC +4)
You are immune to poison.
You resist negative energy. (rN+)
You are resistant to electric shocks. (rElec)
You can survive without breathing.
You are immune to petrification.
You are immune to rotting.


Message History

There is a stone staircase leading down here.
Unknown command.
A red film seems to cover your vision as you go berserk!
You feel yourself moving faster!
You feel mighty!
You are near starving!
The gnoll closely misses you.
The gnoll hits you from afar with a spear.
* * * LOW HITPOINT WARNING * * *
The gnoll hits you from afar with a halberd.
* * * LOW HITPOINT WARNING * * *
The gnoll hits you with a halberd.
* * * LOW HITPOINT WARNING * * *
You closely miss the gnoll. You slash the gnoll! The gnoll barely misses you.
The gnoll hits you but does no damage.
Unknown command.
You slash the gnoll!
The gnoll is almost dead.
You barely miss the gnoll.
The gnoll hits you from afar with a halberd!
You die...

.#.<............# #.# #.
#.#####.#.###.#.#######.# #. ###
#.#.##............# #.
#.........######### #.
###>......# ## #####.### #.#
#######.###########
#........#@gg.....#
#######.#####..#g######.#
#..........##..#g######.####
#.#####.##.##..#O##........# #.#
#.##..........###.##.# #.#
#.###......#### #.##.#
#.#####........#.# #.##.#
.......######.##.######.##.######
..####.# #.##................#


You could see an ogre and 4 gnolls.

Vanquished Creatures
  An ice beast (D:3)
  The ghost of lansh the Cutter, an amateur VSFi (D:3)
  2 gnolls (D:3)
  6 adders
  3 dart slugs
  5 giant cockroaches
  6 goblins
  3 hobgoblins
  6 jackals
  5 kobolds
  A quokka (D:3)
  8 bats
  5 frilled lizards
  9 rats
61 creatures vanquished.

Vanquished Creatures (others)
  2 jackals (D:4)
2 creatures vanquished.

Grand Total: 63 creatures vanquished

Notes
Turn   | Place    | Note
-------+----------+-------------------------------------------
     0 | D:1      | Fang the Gargoyle Berserker began the quest for the Orb.
     0 | D:1      | Reached XP level 1. HP: 14/14 MP: 1/1
   277 | D:1      | Reached XP level 2. HP: 16/19 MP: 2/2
   878 | D:1      | Reached XP level 3. HP: 24/24 MP: 3/3
   982 | D:2      | Found an ancient bone altar of Kikubaaqudgha.
   982 | D:2      | Found a hide-covered altar of Uskayaw.
  1026 | D:2      | Reached ** piety under Trog
  1864 | D:3      | Noticed lansh's ghost (amateur VSFi)
  1873 | D:3      | Killed lansh's ghost
  1873 | D:3      | Reached XP level 4. HP: 30/30 MP: 4/4
  1873 | D:3      | Reached XP level 5. HP: 34/34 MP: 5/5
  2343 | D:3      | Noticed an ice beast
  2363 | D:3      | Killed an ice beast
  2363 | D:3      | Reached XP level 6. HP: 28/39 MP: 6/6
  2768 | D:3      | Found a sparkling altar of Nemelex Xobeh.
  3061 | D:4      | Noticed MetaCosm's ghost (novice FoFi)
  3064 | D:3      | HP: 3/60 [gnoll/halberd (2)]
  3066 | D:3      | Mangled by a gnoll

Skill      XL: |  1  2  3  4  5 |
---------------+----------------+-----
Axes           | 3 4 |  4.6
Fighting       | 4 |  4.8
Dodging        | 2 |  2.9
Armour         | |  2.2
Stealth        | |  0.4

Action                   |  1- 3 |  4- 6 || total
-------------------------+-------+-------++-------
Melee: Hand axe          |   127 |   106 ||   233
Invok: Berserk           |     1 |     2 ||     3
  Eat: Chunk             |     3 |     5 ||     8
Armor: Animal skin       |    59 |    60 ||   119
Dodge: Dodged            |    90 |   101 ||   191
